AoeStats
← Erker

Lombardia

509428565Analyzed
2v2 RM · 6d ago on Sep 26, 2026· 27m 6s· 4 players
Game mode
Random Map
Map size
Medium (4 player)
Population
200
Speed
Normal
Resources
Standard
Victory
Conquest
Starting age
Dark Age
Ending age
Imperial Age
RankedLock teamsTeams togetherTeam positionsShared explorationLock speedFull tech treeHidden civsTurbo modeCheats
Victory
Defeat
🇩🇪 Magyars · Germany
1201
+16
🇩🇪 Britons · Germany
1185
+16
🇷🇴 Byzantines · Romania
1198
-34
🇷🇴 Saxons · Romania
1196
-16
Dirk
6:32 Loom
9:03 Feudal Age
9:56 Double-Bit Axe
14:56 Fletching
17:04 Padded Archer Armor
24:29 Castle Age
23:33 Gold Mining
25:00 Crossbowman
25:39 Bodkin Arrow
Töm
7:01 Loom
9:18 Feudal Age
9:53 Double-Bit Axe
11:10 Horse Collar
17:24 Wheelbarrow
20:33 Castle Age
19:59 Bloodlines
21:19 Scale Barding Armor
21:43 Bow Saw
21:33 Heavy Plow
22:35 Chain Barding Armor
22:09 Gold Mining
26:16 Husbandry
Erker
3:40 Loom
10:24 Feudal Age
11:25 Double-Bit Axe
11:49 Horse Collar
22:27 Castle Age
22:19 Forging
22:10 Scale Mail Armor
Lemmy
5:37 Loom
10:25 Feudal Age
16:14 Fletching
22:36 Castle Age
21:00 Double-Bit Axe
22:32 Gold Mining
22:44 Padded Archer Armor
23:33 Bodkin Arrow
23:00 Crossbowman
23:43 Pikeman
23:50 Elite Skirmisher
Connection lost

Rejoining the realm…

Still unreachable

The connection could not be restored.

Session expired

The server has moved on; the page needs a fresh start.